 Dungeon Crawl Stone Soup version 0.32-a0-468-g38b2580584 (webtiles) character file.

Game seed: 13548168797269353989

83855 Pooter the Marksminotaur (level 15, -14/139 HPs)
             Began as a Minotaur Berserker on Feb 23, 2024.
             Was an Elder of Trog.
             Demolished by an ettin zombie (16 damage)
             ... on level 2 of the Abyss on Feb 24, 2024.
             The game lasted 02:05:06 (33004 turns).

Pooter the Marksminotaur (Minotaur Berserker)      Turns: 33004, Time: 02:05:06

Health: -14/139    AC: 14    Str: 26    XL:     15   Next: 33%
Magic:  14/14      EV: 12    Int:  6    God:    Trog [****..]
Gold:   675        SH: 11    Dex: 13    Spells: 14/14 levels left

rFire   . . .        a - +4 war axe (drain)
rCold   . . .        R - +2 buckler
rNeg    . . .        n - +3 chain mail {Will+}
rPois   +            (helmet restricted)
rElec   +            r - +2 cloak
rCorr   .            J - +2 pair of gloves {hurl}
SInv    .            j - +0 pair of boots
Will    ++++.        e - amulet of reflection Stlth
                     m - ring of Brilliance {Ice rElec rPois Int+2}
HPRegen 1.43/turn    F - ring of fire
MPRegen 0.14/turn

%: reflection
@: mighty, on fire, strong-willed, corroded, regenerating, glowing
A: horns 2, retaliatory headbutt, talons 1, mutation resistance 1
a: Renounce Religion, Berserk, Trog's Hand, Brothers in Arms


You were on level 2 of the Abyss.
You worshipped Trog.
Trog was greatly pleased with you.
You visited 3 branches of the dungeon, and saw 18 of its levels.
You visited the Abyss 1 time.
You also visited: Gauntlet.

You collected 1735 gold pieces.
You spent 1060 gold pieces at shops.

Inventory:

Hand Weapons
 a - a +4 war axe of draining (weapon)
   (You took it off an orc on level 8 of the Dungeon)
 b - a +4 heavy hand cannon
   (You took it off a kobold blastminer on level 1 of the Orcish Mines)
 g - a +1 arbalest of freezing
   (You took it off an orc warrior on level 7 of the Dungeon)
 s - a +0 morningstar
   (You found it on level 7 of the Dungeon)
 v - a +0 trident
   (You took it off an orc priest on level 4 of the Dungeon)
 E - a +1 heavy war axe
   (You found it on level 3 of the Dungeon)
 H - a +1 battleaxe of electrocution
   (You took it off an orc warrior on level 8 of the Dungeon)
 N - a +1 heavy flail
   (You took it off an orc warrior on level 10 of the Dungeon)
Missiles
 l - 14 javelins
 o - 32 boomerangs (quivered)
 G - 60 poisoned darts
 Q - 151 stones
 Y - 2 curare-tipped darts
Armour
 j - a +0 pair of boots (worn)
   (You found it on level 1 of the Dungeon)
 n - a +3 chain mail of willpower (worn)
   (You took it off a minotaur in a Gauntlet)
 r - a +2 cloak (worn)
   (You took it off Maurice on level 7 of the Dungeon)
 C - a +1 scale mail of poison resistance
   (You found it on level 6 of the Dungeon)
 J - a +2 pair of gloves of hurling (worn)
   (You found it in a Gauntlet)
 O - a +0 plate armour
   (You took it off an orc warrior on level 10 of the Dungeon)
 R - a +2 buckler (worn)
   (You took it off a gnoll sergeant on level 9 of the Dungeon)
Jewellery
 e - an amulet of reflection (around neck)
   (You found it in a Gauntlet)
 m - the ring of Brilliance (left hand) {Ice rElec rPois Int+2}
   (You found it on level 2 of the Dungeon)

   [ring of ice]

   Ice:       It enhances your ice magic.
   Int+2:     It affects your intelligence (+2).
   rF-:       It makes you vulnerable to fire.
   rC+:       It protects you from cold.
   rElec:     It insulates you from electricity.
   rPois:     It protects you from poison
 w - a ring of willpower
   (You found it on level 10 of the Dungeon)
 F - a ring of fire (right hand)
   (You bought it in a shop on level 2 of the Orcish Mines)
 I - the ring "Unwatt" {rElec rC+ rN+ Str-4 Int+3}
   (You found it on level 4 of the Lair of Beasts)

   [ring of protection from cold]

   Str-4:     It affects your strength (-4).
   Int+3:     It affects your intelligence (+3).
   rC+:       It protects you from cold.
   rElec:     It insulates you from electricity.
   rN+:       It protects you from negative energy.
 L - a +4 ring of protection
   (You bought it in a shop on level 2 of the Orcish Mines)
 U - a ring of protection from cold
   (You found it on level 3 of the Dungeon)
 X - an amulet of the acrobat
   (You found it on level 5 of the Lair of Beasts)
Wands
 d - a wand of iceblast (17)
   (You found it on level 8 of the Dungeon)
 u - a wand of paralysis (13)
   (You found it in a Gauntlet)
 x - a wand of acid (25)
   (You took it off Maurice on level 7 of the Dungeon)
 D - a wand of digging (7)
   (You found it on level 7 of the Dungeon)
Scrolls
 c - 5 scrolls of vulnerability {!r}
 i - 5 scrolls of identify {@r1}
 p - 3 scrolls of fog
 t - 6 scrolls of teleportation {@r4}
 y - a scroll of butterflies
 z - 3 scrolls of poison {!r}
 A - 2 scrolls of fear
 K - 3 scrolls of revelation
 M - a scroll of brand weapon
 P - 4 scrolls of blinking
 V - a scroll of silence
 W - 2 scrolls of immolation {!r}
Potions
 h - 7 potions of lignification {!q}
 q - 9 potions of curing {@q1}
 B - 2 potions of mutation {!q}
 T - a potion of haste {@q3}
Miscellaneous
 k - a tin of tremorstones (2/2)
   (You found it in a Gauntlet)


   Skills:
 + Level 14.7 Fighting
 - Level 16.0 Axes
 * Level 17.0 Ranged Weapons
 + Level 7.1 Throwing
 + Level 9.5 Armour
 + Level 8.5 Dodging
 + Level 6.7 Evocations


You had 14 spell levels left.
You didn't know any spells.
Your spell library was empty.

Dungeon Overview and Level Annotations

Branches:
Dungeon (11/15) Zot: 26471  Temple (0/1) D:6            Lair (5/5) D:9 Zot: 15960
 Shoals (0/4) Lair:2        Snake (0/4) Lair:2        Slime (0/5) Lair:5
    Orc (2/2) D:9 Zot: 4297     Elf (0/3) Orc:2       Gauntlet (visited)

Altars:
Cheibriados
Hepliaklqana
Qazlal
Beogh
Jiyva

Shops:
D:8 ?   Orc:2 (:?**

Annotations:
D:4 1 runed translucent door, Crazy Yiuf
D:11 1 runed translucent door
Lair:2 3 runed translucent doors, Shen's ghost, journeyman CoGl


Innate Abilities, Weirdness & Mutations

You have a pair of horns on your head.
You reflexively headbutt those who attack you in melee.
You have sharp toenails.
You are somewhat resistant to further mutation.


Message History

You are even more covered in intense liquid fire!
You feel very mighty all of a sudden. The liquid fire burns you!
A chorus of shrieks assaults your mind.
* * * LOW HITPOINT WARNING * * *
The brown very ugly thing bites you!
* * * LOW HITPOINT WARNING * * *
The acid corrodes you!
You are splashed with acid.
* * * LOW HITPOINT WARNING * * *
The brown very ugly thing kicks you!
* * * LOW HITPOINT WARNING * * *
You are splashed with acid!
* * * LOW HITPOINT WARNING * * *
The smoke demon gestures at you. The pyre arrow hits you.
You are even more covered in intense liquid fire!
You barely miss the smoke demon. Your headbutt misses the smoke demon.
You hit the ettin zombie. You hit the brown very ugly thing.
You kill the brown very ugly thing!
Trog accepts your kill.
You slash the brown very ugly thing! The liquid fire burns you!
* * * LOW HITPOINT WARNING * * *
A raiju comes into view.
You block the brown very ugly thing's attack.
Your Ranged Weapons skill increases to level 17!
The raiju barks!
You slash the smoke demon! You headbutt the smoke demon.
You kill the smoke demon!
Trog accepts your kill.
You hit the ettin zombie.
You hit the starcursed mass but do no damage.
You hit the brown very ugly thing. You hit the starcursed mass.
The starcursed mass shudders and withdraws towards its neighbour.
The liquid fire burns you!
* * * LOW HITPOINT WARNING * * *
The ettin zombie hits you!!
* * * LOW HITPOINT WARNING * * *
The ettin zombie hits you but does no damage.
A starcursed mass splits.
Unknown command.
You feel much better. The liquid fire burns you!
* * * LOW HITPOINT WARNING * * *
The brown very ugly thing barely misses you.
You furiously retaliate!
You headbutt the brown very ugly thing. The ettin zombie hits you!!
* * * LOW HITPOINT WARNING * * *
The ettin zombie hits you!
You die...

.. .. .. ...
.... #.#
#.#. #. ##.#
..u # # ...#
X. # h # .#
#..# X#.#..#
. .♣ .
#...#Xhhh.#
. #.#
.#@uu.# #.
#.#
#....Z#X...#
### .
#.##.#.#####
#. # .#..#.
. .# .#.#
.#.###.
#..## #.
..~.......
.## ..
...#.# ..#
.... .
#.####.# ..
###. # .#


You could see 4 starcursed masses, 2 very ugly things, a brown ugly thing, a
raiju, 3 hell hounds and an ettin zombie.

Vanquished Creatures
  A very ugly thing (Abyss:2)
  A minotaur (Gauntlet)
  Snorg (Orc:2)
  2 hydras (Lair:5)
  Erolcha (Orc:2)
  2 boulder beetles
  2 two-headed ogres
  3 death yaks (Lair:5)
  3 thrashing horrors
  4 orc high priests (Orc:2)
  Sonja (D:11)
  3 skysharks
  A fire crab (Lair:5)
  2 goliath frogs (Lair:5)
  4 large abominations
  An ugly thing (Abyss:2)
  6 orc sorcerers (Orc:2)
  7 orc knights
  2 cyclopes (D:11)
  Maurice (D:7)
  32 elephants
  A meliai (D:11)
  8 kobold blastminers
  A smoke demon (Abyss:2)
  A minotaur zombie (Gauntlet)
  2 black mambas
  25 cane toads
  A rime drake (Lair:4)
  18 komodo dragons
  2 merfolk (Lair:2)
  4 trolls
  3 polar bears
  3 tyrant leeches
  5 dream sheep (Lair:3)
  30 blink frogs
  A raiju (Abyss:2)
  A shadow (D:11)
  6 wyverns
  25 yaks
  A redback (shapeshifter) (Abyss:2)
  9 small abominations
  2 basilisks
  5 vampire mosquitoes
  2 wargs
  3 swamp worms (Gauntlet)
  3 acid dragons
  3 nagas (Lair:2)
  20 water moccasins
  Duvessa (D:7)
  A swamp drake (Lair:1)
  22 orc warriors
  6 ice beasts
  2 sky beasts (D:6)
  5 black bears
  3 centaurs
  8 ogres
  15 wolves
  2 phantoms
  4 kobold brigands
  24 bullfrogs
  A gnoll sergeant (D:9)
  3 scorpions (D:5)
  4 wights (D:6)
  Dowan (D:7)
  9 killer bees
  5 electric eels
  6 howler monkeys
  3 bombardier beetles
  7 jellies
  A lava snake (Lair:4)
  3 hounds
  A gnoll bouda (D:7)
  21 orc priests
  13 iguanas
  24 orc wizards
  2 sleepcaps
  12 hell rats
  13 gnolls
  8 adders
  5 river rats (Lair:3)
  A white imp (D:4)
  3 ufetubi
  3 dart slugs
  2 ribbon worms
  110 orcs
  5 ball pythons
  12 endoplasms
  A giant cockroach (D:1)
  6 goblins
  5 hobgoblins
  4 jackals (D:1)
  19 kobolds
  3 quokkas
  17 bats
  13 frilled lizards
  9 rats
713 creatures vanquished.

Vanquished Creatures (collateral kills)
  2 very ugly things (Abyss:2)
  2 ugly things (Abyss:2)
  3 orcs (D:4)
7 creatures vanquished.

Vanquished Creatures (others)
  An orc warrior (Orc:1)
  An orc priest (D:4)
  An orc wizard (D:4)
  A gnoll (D:2)
  An orc (D:4)
  3 frilled lizards (Lair:1)
8 creatures vanquished.

Grand Total: 728 creatures vanquished

Notes
Turn   | Place    | Note
-------+----------+-------------------------------------------
     0 | D:1      | Pooter the Minotaur Berserker began the quest for the Orb.
     0 | D:1      | Reached XP level 1. HP: 19/19 MP: 0/0
   160 | D:1      | Reached XP level 2. HP: 24/27 MP: 1/1
   913 | D:1      | Reached XP level 3. HP: 32/33 MP: 2/2
  1098 | D:2      | Reached ** piety under Trog
  1151 | D:2      | Identified the ring of Brilliance {Ice rElec rPois Int+2}
  1194 | D:2      | Reached skill level 5 in Axes
  1289 | D:2      | Found a faded altar of an unknown god.
  1468 | D:2      | Reached XP level 4. HP: 41/41 MP: 3/3
  2265 | D:3      | Reached XP level 5. HP: 47/47 MP: 4/4
  2300 | D:3      | Reached skill level 5 in Fighting
  2688 | D:4      | Reached *** piety under Trog
  2737 | D:4      | Reached XP level 6. HP: 51/56 MP: 5/5
  2932 | D:4      | Found a runed translucent door.
  2933 | D:4      | Noticed Crazy Yiuf
  3223 | D:4      | You fall into a shaft and drop 2 floors!
  3241 | D:6      | Reached XP level 7. HP: 56/64 MP: 6/6
  3302 | D:6      | Reached skill level 1 in Ranged Weapons
  3404 | D:6      | Found a stormy altar of Qazlal.
  3416 | D:6      | Found a hazy altar of Hepliaklqana.
  3477 | D:5      | Entered Level 5 of the Dungeon
  3574 | D:5      | Reached skill level 2 in Ranged Weapons
  3650 | D:5      | Reached skill level 3 in Ranged Weapons
  4119 | D:5      | Reached XP level 8. HP: 73/73 MP: 7/7
  4375 | D:6      | Found a snail-covered altar of Cheibriados.
  4385 | D:6      | Found a staircase to the Ecumenical Temple.
  4393 | D:6      | Reached skill level 4 in Ranged Weapons
  4598 | D:6      | Reached skill level 10 in Axes
  4667 | D:6      | Reached skill level 5 in Ranged Weapons
  4742 | D:6      | Reached XP level 9. HP: 81/81 MP: 8/8
  4745 | D:6      | Reached skill level 6 in Ranged Weapons
  4855 | D:6      | Reached **** piety under Trog
  5530 | D:7      | Noticed Duvessa
  5532 | D:7      | Noticed Dowan
  5572 | D:7      | Killed Duvessa
  5573 | D:7      | Reached skill level 7 in Ranged Weapons
  5625 | D:7      | Killed Dowan
  5830 | D:7      | Noticed Maurice
  5838 | D:7      | Something stole 11 boomerangs
  5841 | D:7      | Killed Maurice
  5978 | D:7      | Reached skill level 8 in Ranged Weapons
  6574 | D:7      | Reached XP level 10. HP: 91/91 MP: 9/9
  6907 | D:8      | Found a transporter.
  7233 | D:8      | Found Tyakhyul's Magic Scroll Boutique.
  7235 | D:8      | Found a transporter.
  7240 | D:8      | Bought a scroll of identify for 26 gold pieces
  7240 | D:8      | Bought a scroll of identify for 26 gold pieces
  7240 | D:8      | Bought a scroll of revelation for 97 gold pieces
  7240 | D:8      | Bought a scroll of revelation for 97 gold pieces
  7240 | D:8      | Bought a scroll of blinking for 97 gold pieces
  7240 | D:8      | Bought a scroll of identify for 26 gold pieces
  7240 | D:8      | Bought a scroll of identify for 26 gold pieces
  7302 | D:9      | Reached skill level 9 in Ranged Weapons
  7453 | D:9      | Found a staircase to the Lair.
  7501 | D:9      | Noticed a two-headed ogre
  7510 | D:9      | Killed a two-headed ogre
  8044 | D:9      | Reached skill level 10 in Fighting
  8125 | D:9      | Found a roughly hewn altar of Beogh.
  8125 | D:9      | Found a staircase to the Orcish Mines.
  8139 | D:9      | Reached skill level 10 in Ranged Weapons
  8364 | D:10     | Entered Level 10 of the Dungeon
  9491 | D:10     | Reached XP level 11. HP: 94/101 MP: 10/10
  9846 | D:10     | Reached skill level 1 in Throwing
 10142 | Orc:1    | Entered Level 1 of the Orcish Mines
 10262 | Orc:2    | Entered Level 2 of the Orcish Mines
 10262 | Orc:2    | Noticed Erolcha
 10262 | Orc:2    | Found a staircase to the Elven Halls.
 10277 | Orc:2    | Killed Erolcha
 10300 | Orc:2    | Reached skill level 11 in Ranged Weapons
 10314 | Orc:2    | Reached ***** piety under Trog
 10347 | Orc:2    | Noticed an orc knight
 10466 | Orc:1    | Killed an orc knight
 10560 | Orc:1    | Noticed Snorg
 11060 | Orc:1    | Noticed an orc sorcerer
 11060 | Orc:1    | Noticed an orc high priest
 11172 | Orc:2    | Killed an orc sorcerer
 11177 | Orc:2    | Killed Snorg
 11178 | Orc:2    | Reached skill level 15 in Axes
 11596 | Orc:1    | Noticed a sixfirhy
 11781 | Orc:2    | Noticed an orc knight
 11805 | Orc:1    | Killed an orc knight
 12007 | Orc:2    | Found Utaew's Antique Weapon Shoppe.
 12714 | Orc:2    | Noticed an orc high priest
 12714 | Orc:2    | Noticed an orc high priest
 12714 | Orc:2    | Noticed an orc high priest
 12714 | Orc:2    | Noticed an orc knight
 12714 | Orc:2    | Noticed an orc knight
 12715 | Orc:2    | Noticed a soul eater
 12715 | Orc:2    | Noticed an orc sorcerer
 12715 | Orc:2    | Noticed an orc knight
 12715 | Orc:2    | Noticed an orc knight
 12716 | Orc:2    | Noticed an orc sorcerer
 12717 | Orc:2    | Noticed an orc sorcerer
 12731 | Orc:2    | Killed an orc high priest
 12732 | Orc:2    | Reached skill level 12 in Ranged Weapons
 12739 | Orc:2    | Noticed a soul eater
 12739 | Orc:2    | Noticed a sun demon
 12749 | Orc:2    | HP: 5/102 [sun demon[an orc high priest] (18)]
 13015 | Orc:1    | Killed an orc knight
 13070 | Orc:2    | Killed an orc sorcerer
 13071 | Orc:2    | Reached XP level 12. HP: 110/110 MP: 11/11
 13081 | Orc:2    | Killed an orc high priest
 14070 | Orc:2    | Killed an orc high priest
 15931 | Orc:2    | Found Xyvugh's Assorted Antiques.
 15936 | Orc:2    | Found Yngisuqu's Magic Scroll Shop.
 15940 | Orc:2    | Bought a pearl ring for 165 gold pieces
 15940 | Orc:2    | Bought a metallic white potion for 29 gold pieces
 15940 | Orc:2    | Bought a purple potion for 29 gold pieces
 15945 | Orc:2    | Bought a scroll of identify for 22 gold pieces
 15945 | Orc:2    | Bought a scroll of enchant weapon for 82 gold pieces
 15945 | Orc:2    | Bought a scroll of identify for 22 gold pieces
 15945 | Orc:2    | Bought a scroll of revelation for 82 gold pieces
 15950 | Orc:2    | Found Deubbosi's Book Shop.
 15952 | Orc:2    | Found Hytrufec's Assorted Antiques.
 15961 | Orc:2    | Bought a scroll of identify for 52 gold pieces
 15961 | Orc:2    | Bought a scroll of identify for 52 gold pieces
 15961 | Orc:2    | Bought a bronze ring for 130 gold pieces
 16050 | Orc:2    | Killed an orc high priest
 16051 | Orc:2    | Reached skill level 13 in Ranged Weapons
 16051 | Orc:2    | Reached skill level 1 in Evocations
 17702 | Lair:1   | Entered Level 1 of the Lair of Beasts
 17791 | Lair:1   | Found a gate leading to a gauntlet.
 17952 | Gauntlet | Entered a Gauntlet
 17952 | Gauntlet | Found a transporter.
 17952 | Gauntlet | Found a transporter.
 17972 | Gauntlet | Found a transporter.
 17985 | Gauntlet | Found a transporter.
 18089 | Gauntlet | Found a transporter.
 18089 | Gauntlet | Found a transporter.
 18099 | Gauntlet | Found a transporter.
 18111 | Gauntlet | Found a transporter.
 18121 | Gauntlet | Reached XP level 13. HP: 119/119 MP: 12/12
 18148 | Gauntlet | Found a transporter.
 18169 | Gauntlet | Reached skill level 5 in Armour
 18301 | Gauntlet | Found a runed translucent gate.
 18302 | Gauntlet | Found a transporter.
 18302 | Gauntlet | Found a runed translucent gate.
 18307 | Gauntlet | Found a runed translucent gate.
 18320 | Gauntlet | Found a transporter.
 18445 | Gauntlet | Found a transporter.
 18446 | Gauntlet | Identified the amulet "Weaton" {Faith Dex+5}
 18446 | Gauntlet | Found the amulet of the Four Winds {rN+ Will+++ Clar}
 18458 | Gauntlet | Found the +8 arc blade {discharge, rElec}
 18458 | Gauntlet | Found a transporter.
 18468 | Gauntlet | Noticed a minotaur
 18476 | Gauntlet | Killed a minotaur
 18477 | Gauntlet | Reached skill level 14 in Ranged Weapons
 18924 | Lair:1   | You fall into a shaft and drop 1 floor!
 19139 | Lair:1   | Reached skill level 5 in Dodging
 20014 | Lair:1   | Upgraded the game from 0.32-a0-450-g080537f31e to
                  | 0.32-a0-468-g38b2580584
 21665 | Lair:2   | Found a staircase to the Snake Pit.
 21766 | Lair:2   | Noticed a minotaur
 21918 | Lair:2   | Reached skill level 15 in Ranged Weapons
 22493 | Lair:2   | Found a runed translucent gate.
 22494 | Lair:2   | Found a runed translucent gate.
 22495 | Lair:2   | Found a runed translucent gate.
 22495 | Lair:2   | Noticed Shen's ghost (journeyman CoGl)
 23004 | Lair:2   | Found a staircase to the Shoals.
 25892 | Lair:4   | Reached XP level 14. HP: 129/129 MP: 13/13
 26657 | Lair:4   | Reached skill level 5 in Evocations
 26704 | Lair:4   | Reached skill level 5 in Throwing
 26992 | Lair:4   | Identified the ring "Unwatt" {rElec rC+ rN+ Str-4 Int+3}
 27746 | Lair:5   | Entered Level 5 of the Lair of Beasts
 28569 | Lair:4   | Reached skill level 16 in Ranged Weapons
 31125 | Lair:5   | Reached XP level 15. HP: 137/138 MP: 14/14
 31650 | Lair:5   | Found a viscous altar of Jiyva.
 31650 | Lair:5   | Found a staircase to the Slime Pits.
 32307 | D:11     | Noticed Sonja
 32316 | D:11     | Killed Sonja
 32612 | D:11     | Gained mutation: You have large cloven feet. [potion of
                  | mutation]
 32613 | D:11     | Lost mutation: You have large cloven feet. [potion of
                  | mutation]
 32613 | D:11     | Gained mutation: You are somewhat resistant to further
                  | mutation. [potion of mutation]
 32613 | D:11     | Gained mutation: You occasionally shout uncontrollably at
                  | your foes. [potion of mutation]
 32613 | D:11     | Gained mutation: You are partially covered in iridescent
                  | scales. (AC +2) [potion of mutation]
 32614 | D:11     | Lost mutation: You occasionally shout uncontrollably at
                  | your foes. [potion of mutation]
 32614 | D:11     | Lost mutation: You are partially covered in iridescent
                  | scales. (AC +2) [potion of mutation]
 32614 | D:11     | Gained mutation: You have sharp toenails. [potion of
                  | mutation]
 32811 | D:11     | Found a large runed translucent door.
 32820 | Abyss:2  | Cast into level 2 of the Abyss (meliai)
 33003 | Abyss:2  | Reached skill level 17 in Ranged Weapons
 33003 | Abyss:2  | HP: 2/139 [ettin zombie (18)]
 33004 | Abyss:2  | Demolished by an ettin zombie

Illustrated notes

Levels and vault maps discovered:
D:1:      matt_arrival_refuge, layout_basic
D:2:      wad_crossroads, layout_loops_corners,
          hellmonk_ecumenical_altar_slurped_away, chequers_serial_rivers_micro_e
D:3:      layout_rooms, chequers_garden, chequers_serial_rivers_micro_e,
          grunt_ministairs_3, nicolae_figureground_pulse
D:4:      layout_loops_ring, minmay_misc_feat_rows, grunt_ministairs_1,
          uniq_crazy_yiuf_cottage
D:5:      layout_basic, serial_bayou_lake_a
D:6:      kennysheep_windowed_halls, layout_loops_corners, cheibriados_altar_1,
          amethyst_overflow_temple_binary, minmay_temple_entry_drinking_statues
D:7:      layout_basic, uniq_maurice, uniq_duvessa
D:8:      layout_rooms, serial_shops, nicolae_shop_drivethru
D:9:      layout_basic, lair_entry_dummy, david_orc_5
D:10:     layout_roguey [special_room_orc], serial_co_window_serial,
          co_window_corner_a, co_window_of_opportunity_a, co_window_corner_a,
          co_window_corner_a, co_window_corner_a, co_window_corner_a,
          co_window_paths_a, co_window_broadway_a, co_window_unsneaky_path_a,
          co_window_corner_ca, co_window_of_opportunity_b, co_window_corner_b,
          co_window_corner_b
D:11:     layout_cross, ebering_ghost_disaster_area, serial_park,
          serial_park_fountain, serial_park_square2, serial_park_square1
          [serial_park_minivault_5x5_5], uniq_sonja
Lair:1:   lemuel_reptile_caves, layout_misc_corridors, gauntlet_entry_generic,
          gammafunk_lair_bear_cave, grunt_megastairs_1
Lair:2:   layout_cave_pods, elwin_shoals_entry_rooms,
          minmay_snake_entry_guardpost_small, maelrawn_ghost_gauntlet_escape,
          grunt_forest_small_clearings, grunt_megastairs_5
Lair:3:   layout_concentric_octagons, kennysheep_abandoned_house
Lair:4:   layout_gridlike, infiniplex_staircase_pool
Lair:5:   minmay_lair_end_frog_pond, layout_misc_corridors,
          nicolae_slime_entry_slimehenge, minivault_24
Orc:1:    layout_caves, serial_shops, roderic_batcave, uniq_snorg
Orc:2:    st_orc_elflike, layout_caves, serial_shops, nicolae_shop_dealshenge,
          uniq_erolcha
Abyss:2:  base:
D:4

Skill      XL: |  1  2  3  4  5  6  7  8  9 10 11 12 13 14 15 |
---------------+----------------------------------------------+-----
Axes           | 4 5 6 8 9 10 12 14 15 16 | 16.0
Fighting       | 4 5 6 7 8 9 10 11 12 13 14 | 14.7
Ranged Weapons | 3 5 8 10 12 13 15 16 17 | 17.0
Throwing       | 3 4 6 7 |  7.1
Armour         | 4 7 9 |  9.5
Evocations     | 2 4 6 |  6.7
Dodging        | 4 6 8 |  8.5

Action                     |  1- 3 |  4- 6 |  7- 9 | 10-12 | 13-15 || total
---------------------------+-------+-------+-------+-------+-------++-------
  Melee: Hand axe          |    68 |    54 |       |       |       ||   122
         Headbutt          |    12 |    16 |    24 |    55 |   133 ||   240
         War axe           |       |    66 |   169 |   381 |   479 ||  1095
         Flail             |       |       |       |       |     4 ||     4
   Fire: Shortbow          |       |       |    43 |       |       ||    43
         Arbalest          |       |       |       |   196 |       ||   196
         Hand cannon       |       |       |       |    10 |   407 ||   417
  Throw: Boomerang         |       |    11 |     6 |     1 |     2 ||    20
         Dart              |       |       |     2 |       |       ||     2
 Invoke: Berserk           |       |       |     7 |    21 |    12 ||    40
         Trog's Hand       |       |       |     6 |    36 |    12 ||    54
         Brothers in Arms  |       |       |       |       |     1 ||     1
  Evoke: Wand              |       |       |     5 |     3 |     2 ||    10
    Use: Scroll            |     2 |     7 |     4 |    22 |     7 ||    42
         Potion            |       |       |       |     5 |     6 ||    11
   Stab: Distracted        |       |       |     1 |       |       ||     1
         Invisible         |       |       |       |     3 |       ||     3
         Paralysed         |       |       |       |       |     3 ||     3
 Armour: Animal skin       |    14 |       |       |       |       ||    14
         Ring mail         |    27 |    43 |       |       |       ||    70
         Chain mail        |       |    32 |   174 |   156 |   372 ||   734
         Plate armour      |       |       |       |   360 |   105 ||   465
  Dodge: Dodged            |    39 |    68 |    89 |   184 |   219 ||   599
  Block: Buckler           |       |       |       |       |   265 ||   265
         Other             |       |       |       |       |    16 ||    16
         Reflection        |       |       |       |       |     2 ||     2

Table legend: (Time is in decaauts)
 A = Elapsed time spent in this place.
 B = Non-inter-level travel time spent in this place.
 C = Inter-level travel time spent in this place.
 D = Time resting spent in this place.
 E = Time spent auto-exploring this place.
 F = Levels seen in this place.
 G = Mean time per level.
                   A        B        C        D        E       F      G
               +--------+--------+--------+--------+--------+-----+--------+
         Total |  33756 |  33012 |    744 |  17719 |  10279 |  20 | 1687.8 |
       Dungeon |  10989 |  10554 |    435 |   1820 |   6623 |  11 |  999.0 |
          Lair |  14039 |  13801 |    238 |   8999 |   3163 |   5 | 2807.8 |
  Orcish Mines |   7702 |   7632 |     70 |   6211 |    451 |   2 | 3851.0 |
         Abyss |    176 |    176 |      0 |     69 |     41 |   1 |  176.0 |
      Gauntlet |    847 |    847 |      0 |    618 |      0 |   1 |  847.0 |
               +--------+--------+--------+--------+--------+-----+--------+

Top non-repeatable levels by time:
   Orc:2: 5722 daAuts
  Lair:5: 4029 daAuts
  Lair:2: 3151 daAuts
  Lair:3: 2871 daAuts
  Lair:4: 2358 daAuts
   Orc:1: 1980 daAuts
    D:10: 1777 daAuts
  Lair:1: 1629 daAuts
     D:6: 1463 daAuts
     D:7: 1227 daAuts
     D:9: 1212 daAuts
     D:1: 1033 daAuts
     D:4: 997 daAuts
     D:2: 988 daAuts
Gauntlet: 847 daAuts
